 Dungeon Crawl Stone Soup version 0.31-a0-496-g6f97920a28 (webtiles) character file.

Game seed: 4907937107069141975

49 CraigForest the Insei (level 4, -9/25 HPs)
             Began as a Kobold Shapeshifter on Aug 8, 2023.
             Killed by nerve-wracking pain
             ... invoked by an orc priest
              (11 damage)
             ... on level 3 of the Dungeon.
             The game lasted 00:05:11 (1617 turns).

CraigForest the Insei (Kobold Shapeshifter)         Turns: 1617, Time: 00:05:11

Health: -9/25      AC: 15    Str: 12    XL:     4   Next: 2%
Magic:  4/4        EV: 11    Int:  9    God:
Gold:   125        SH:  0    Dex: 17    Spells: 3/3 levels left

rFire   x .          .
                       - Unarmed
rCold   + + .        (no shield)
rNeg    . . .        e - +2 ice dragon scales
rPois   .            (helmet currently unavailable)
rElec   .            (cloak currently unavailable)
rCorr   .            (gloves currently unavailable)
SInv    .            (boots currently unavailable)
Will    .....        (no amulet)
Stlth   +            j - +4 ring of protection
HPRegen 0.24/turn    (no ring)
MPRegen 0.09/turn

%: no passive effects
@: beast-form
A: beast (slay +2), small, no large weapons, nightstalker 3
a: Begin Untransformation


You were on level 3 of the Dungeon.
You were a hulking beast.
You visited 1 branch of the dungeon, and saw 3 of its levels.

You collected 125 gold pieces.

Inventory:

Hand Weapons
 l - a +0 sling
Missiles
 h - 3 poisoned darts
Armour
 a - a +0 animal skin
 e - +2 ice dragon scales (worn)
Jewellery
 j - a +4 ring of protection (left hand)
Talismans
 c - a beast talisman (active)
 d - a flux talisman
Potions
 b - 3 potions of lignification
 f - 2 potions of enlightenment
 g - 3 potions of curing
 i - a potion of cancellation
 k - a potion of might
 m - a potion of heal wounds {unknown}
 n - a potion of resistance {unknown}


   Skills:
 + Level 1.1 Fighting
 + Level 0.3 Armour
 + Level 2.8 Dodging
 + Level 0.2 Stealth
 + Level 3.6 Unarmed Combat
 * Level 3.5 Shapeshifting


You had 3 spell levels left.
You didn't know any spells.
Your spell library contained the following spells:

 Spells                   Type           Power      Damage    Failure   Level
 Magic Dart               Conj           0%         1d3       97%         1
 Call Imp                 Summ           0%         N/A       99%         2
 Mephitic Cloud           Conj/Pois/Air  0%         N/A       100%        3


Dungeon Overview and Level Annotations

Branches:
Dungeon (3/15)

Altars:


Innate Abilities, Weirdness & Mutations

You are a hulking beast.
Your limbs bulge with bestial killing power. (Slay +2)
You are small and have problems with some larger weapons.
You are completely attuned to the shadows.


Message History

An orc comes into view. It is wielding a +0 hand axe.
A bat comes into view.
You hit the orc priest.
The orc priest is moderately wounded.
The bat hits you but does no damage.
The orc priest hits you with a +0 flail.
You hit the orc priest.
The orc priest is moderately wounded.
The bat closely misses you. The bat barely misses you.
The orc priest hits you with a +0 flail.
You barely miss the orc priest.
The orc priest is moderately wounded.
The orc priest mumbles some strange prayers to Beogh against you.
Beogh smites you!
Ouch! That really hurt!
* * * LOW HITPOINT WARNING * * *
The orc closely misses you.
Unknown command.
Unknown command.
Unknown command.
Unknown command.
Unknown command.
Unknown command.
Unknown command.
You aren't carrying any scrolls.
You hit the orc priest.
The orc priest is heavily wounded.
The bat closely misses you. The orc priest closely misses you.
The orc closely misses you.
You completely miss the orc priest.
The orc priest is heavily wounded.
The bat hits you but does no damage. The orc hits you but does no damage.
The orc priest looks satisfied for a moment.
The orc hits you but does no damage.
You hit the orc priest.
The orc priest is almost dead.
The bat hits you but does no damage.
The orc priest calls down the wrath of Beogh upon you.
Pain shoots through your body!
You die...

## .# #########
.#######.......####
.........##.......#
.##########.##.##.#
.##########.##.##o###
...............bhoo..
.........##..#.##o###
.#######†##....# ...
## #.##..... .###
##.##...## ##
#######.....#
.........##..
.#######.# . .# #.#


You could see an orc priest, 3 orcs and a bat.

Vanquished Creatures
  An orc (D:3)
  10 endoplasms
  3 goblins (D:1)
  4 hobgoblins
  3 jackals (D:1)
  3 kobolds
  2 quokkas
  5 ball pythons
  5 bats
  3 frilled lizards
  4 rats
43 creatures vanquished.

Notes
Turn   | Place    | Note
-------+----------+-------------------------------------------
     0 | D:1      | CraigForest the Kobold Shapeshifter began the quest for the
                  | Orb.
     0 | D:1      | Reached XP level 1. HP: 12/12 MP: 1/1
   195 | D:1      | Reached XP level 2. HP: 16/16 MP: 2/2
   406 | D:1      | Reached XP level 3. HP: 20/20 MP: 3/3
   486 | D:1      | Found a faded altar of an unknown god.
  1581 | D:3      | Reached XP level 4. HP: 23/25 MP: 4/4
  1614 | D:3      | HP: 1/25 [orc priest/divine providence (16)]
  1617 | D:3      | Killed from afar by an orc priest

Illustrated notes

Levels and vault maps discovered:
D:1:      minmay_arrival_doors, layout_rooms, shapermc_ecumenical_altar_ellora,
          minmay_pentomino_s2
D:2:      layout_basic
D:3:      layout_loops_ring, hangedman_feature_mirror, minivault_5,
          kennysheep_generic_room_11

Action                     |  1- 3 |  4- 6 || total
---------------------------+-------+-------++-------
  Melee: Unarmed           |   111 |    10 ||   121
         Punch             |     5 |       ||     5
    Use: Scroll            |     8 |       ||     8
   Stab: Sleeping          |     3 |       ||     3
 Armour: Ice dragon scales |    41 |     6 ||    47
  Dodge: Dodged            |    39 |     7 ||    46

Table legend: (Time is in decaauts)
 A = Elapsed time spent in this place.
 B = Non-inter-level travel time spent in this place.
 C = Inter-level travel time spent in this place.
 D = Time resting spent in this place.
 E = Time spent auto-exploring this place.
 F = Levels seen in this place.
 G = Mean time per level.
                   A        B        C        D        E       F      G
               +--------+--------+--------+--------+--------+-----+--------+
         Total |   1608 |   1555 |     53 |      0 |   1264 |   3 |  536.0 |
       Dungeon |   1608 |   1555 |     53 |      0 |   1264 |   3 |  536.0 |
               +--------+--------+--------+--------+--------+-----+--------+

Top non-repeatable levels by time:
     D:2: 738 daAuts
     D:1: 669 daAuts
     D:3: 200 daAuts
